BSA
AUSTIN RIVER SHARKS @ SPRINGFIELD STARS
09/04/2027
 
TOP OF THE 1ST
Austin River Sharks batting - Pitching for Springfield Stars : RHP Hyo-chin Ch'oe
Pitching: RHP Hyo-chin Ch'oe
Batting: RHB Eric Neal 0-0: Foul Ball, location: 2F
0-1: Ball
1-1: Called Strike
1-2: Ball
2-2: Ball
3-2: Foul Ball, location: 2F
3-2: SINGLE (Line Drive, 56D)
Batting: RHB Carlos Guzmán 0-0: Ball
1-0: Ball
2-0: Called Strike
2-1: Hit by Pitch
Eric Neal to second
Batting: SHB Juan Castro 0-0: Ball
1-0: Ball
2-0: Called Strike
2-1: Ball
3-1: Called Strike
3-2: Strikes out swinging
Carlos Guzmán is caught stealing 2nd base
Batter strikes out.
Batting: LHB Pedro Zaragoza 0-0: Ball
1-0: Ball
2-0: Called Strike
2-1: Called Strike
2-2: DOUBLE (Line Drive, 9LD)
Eric Neal scores
Batting: RHB Kenneth Roberts 0-0: Ball
1-0: Ball
2-0: DOUBLE (Line Drive, 7LM)
Pedro Zaragoza scores
Batting: LHB Harry Pitts 0-0: Called Strike
0-1: Foul Ball, location: 2F
0-2: Strikes out swinging
Top of the 1st over - 2 run(s), 3 hit(s), 0 error(s), 1 left on base; Austin 2 - Springfield 0
BOTTOM OF THE 1ST
Springfield Stars batting - Pitching for Austin River Sharks : RHP Ramón Estrada
Pitching: RHP Ramón Estrada
Batting: RHB Juan Rodríguez 0-0: Called Strike
0-1: Ground out 4-3 (Groundball, 4)
Batting: RHB Calvin Bennett 0-0: Ground out 4-3 (Groundball, 4)
Batting: LHB Felipe Guerrero 0-0: DOUBLE (Line Drive, 8RXD)
Batting: LHB Derek Davidson 0-0: Ball
1-0: Ball
2-0: Called Strike
2-1: Fly out, F9 (Flyball, 9LM)
Bottom of the 1st over - 0 run(s), 1 hit(s), 0 error(s), 1 left on base; Austin 2 - Springfield 0
TOP OF THE 2ND
Austin River Sharks batting - Pitching for Springfield Stars : RHP Hyo-chin Ch'oe
Batting: RHB Orlando Bruno 0-0: Ball
1-0: Swinging Strike
1-1: Foul Ball, location: 2F
1-2: Strikes out swinging
Batting: RHB Clark Hodge 0-0: Called Strike
0-1: Called Strike
0-2: Ball
1-2: Ball
2-2: Fly out, F7 (Flyball, 7)
Batting: SHB Juan Acevado 0-0: Swinging Strike
0-1: Foul Ball, location: 2F
0-2: Ball
1-2: Ground out 6-3 (Groundball, 6S)
Top of the 2nd over - 0 run(s), 0 hit(s), 0 error(s), 0 left on base; Austin 2 - Springfield 0
BOTTOM OF THE 2ND
Springfield Stars batting - Pitching for Austin River Sharks : RHP Ramón Estrada
Batting: SHB Shane Hutchinson 0-0: Swinging Strike
0-1: Swinging Strike
0-2: Ball
1-2: Foul Ball, location: 2F
1-2: Foul Ball, location: 2F
1-2: Ball
2-2: Ball
3-2: Foul Ball, location: 2F
3-2: SINGLE (Groundball, 56D)
Batting: LHB Elliott Newell 0-0: Called Strike
0-1: Ball
1-1: Ball
2-1: Foul Ball, location: 2F
2-2: Ball
3-2: Foul Ball, location: 2F
3-2: Foul Ball, location: 2F
3-2: Foul Ball, location: 2F
3-2: Base on Balls
Shane Hutchinson to second
Batting: LHB Ryan Drake 0-0: Ball
1-0: Fielders Choice at 2nd, 4-6 (Groundball, 4D)
Shane Hutchinson to third
Batting: LHB Jesús Tobías 0-0: Ball
1-0: Grounds into double play, 4-6-3 (Groundball, 4M)
Bottom of the 2nd over - 0 run(s), 1 hit(s), 0 error(s), 1 left on base; Austin 2 - Springfield 0
TOP OF THE 3RD
Austin River Sharks batting - Pitching for Springfield Stars : RHP Hyo-chin Ch'oe
Batting: RHB Eric Neal 0-0: SINGLE (Line Drive, 6MD)
Batting: RHB Carlos Guzmán 0-0: Ball
1-0: Ball
2-0: SINGLE (Groundball, 6MD)
Eric Neal to second
Batting: SHB Juan Castro 0-0: Called Strike
0-1: Ball
1-1: Swinging Strike
1-2: Strikes out swinging
Batting: LHB Pedro Zaragoza 0-0: Called Strike
0-1: Fielders Choice at 2nd, 6-4 (Groundball, 6)
Eric Neal to third
Batting: RHB Kenneth Roberts 0-0: Ball
1-0: Called Strike
1-1: Called Strike
1-2: Foul Ball, location: 2F
1-2: Foul Ball, location: 2F
1-2: Strikes out looking
Top of the 3rd over - 0 run(s), 2 hit(s), 0 error(s), 2 left on base; Austin 2 - Springfield 0
BOTTOM OF THE 3RD
Springfield Stars batting - Pitching for Austin River Sharks : RHP Ramón Estrada
Batting: RHB Félix Gonzáles 0-0: Ball
1-0: Ball
2-0: Fly out, F7 (Flyball, 7LM)
Batting: RHB Juan Rodríguez 0-0: Ball
1-0: Swinging Strike
1-1: Called Strike
1-2: Ball
2-2: Ground out 1-3 (Groundball, 15S)
Batting: RHB Calvin Bennett 0-0: Called Strike
0-1: Ball
1-1: Ball
2-1: Ball
3-1: Base on Balls
Batting: LHB Felipe Guerrero 0-0: Called Strike
0-1: Called Strike
0-2: Ball
Calvin Bennett is caught stealing 2nd base
Bottom of the 3rd over - 0 run(s), 0 hit(s), 0 error(s), 0 left on base; Austin 2 - Springfield 0
TOP OF THE 4TH
Austin River Sharks batting - Pitching for Springfield Stars : RHP Hyo-chin Ch'oe
Batting: LHB Harry Pitts 0-0: Ball
1-0: Swinging Strike
1-1: Ball
2-1: Fly out, F7 (Flyball, 78M)
Batting: RHB Orlando Bruno 0-0: Fly out, F8 (Flyball, 8RS)
Batting: RHB Clark Hodge 0-0: Ball
1-0: Swinging Strike
1-1: Ground out 5-3 (Groundball, 56)
Top of the 4th over - 0 run(s), 0 hit(s), 0 error(s), 0 left on base; Austin 2 - Springfield 0
BOTTOM OF THE 4TH
Springfield Stars batting - Pitching for Austin River Sharks : RHP Ramón Estrada
Batting: LHB Felipe Guerrero 0-0: Foul Ball, location: 2F
0-1: Foul Ball, location: 2F
0-2: Ball
1-2: Ball
2-2: Foul Ball, location: 2F
2-2: Ball
3-2: Ground out U3 (Groundball, 3L)
Batting: LHB Derek Davidson 0-0: Foul Ball, location: 2F
0-1: Ball
1-1: Called Strike
1-2: Ball
2-2: Foul Ball, location: 2F
2-2: Ground out 4-3 (Groundball, 34)
Batting: SHB Shane Hutchinson 0-0: Ball
1-0: Called Strike
1-1: Ball
2-1: Foul Ball, location: 2F
2-2: Foul Ball, location: 2F
2-2: Ball
3-2: Fly out, F6 (Popup, 6MD)
Bottom of the 4th over - 0 run(s), 0 hit(s), 0 error(s), 0 left on base; Austin 2 - Springfield 0
TOP OF THE 5TH
Austin River Sharks batting - Pitching for Springfield Stars : RHP Hyo-chin Ch'oe
Batting: SHB Juan Acevado 0-0: SINGLE (Groundball, 34D)
Batting: RHB Eric Neal 0-0: Ball
1-0: Ball
2-0: SINGLE (Groundball, 56D)
Juan Acevado to second
Batting: RHB Carlos Guzmán 0-0: Swinging Strike
0-1: Ball
1-1: Ball
2-1: SINGLE (Line Drive, 9LS)
Juan Acevado to third
Eric Neal to second
Batting: SHB Juan Castro 0-0: Swinging Strike
0-1: Ball
1-1: Ball
2-1: Called Strike
2-2: Strikes out swinging
Batting: LHB Pedro Zaragoza 0-0: Fly out, F8 (Flyball, 8LM)
Runner from 3rd tags up, SCORES, no throw
Batting: RHB Kenneth Roberts 0-0: Ball
1-0: SINGLE (Groundball, 6MD)
Eric Neal to third
Carlos Guzmán to second
Runner from 3rd tries for Home, SAFE, no throw
Batting: LHB Harry Pitts 0-0: Fly out, F8 (Flyball, 8RS)
Top of the 5th over - 2 run(s), 4 hit(s), 0 error(s), 2 left on base; Austin 4 - Springfield 0
BOTTOM OF THE 5TH
Springfield Stars batting - Pitching for Austin River Sharks : RHP Ramón Estrada
Pitching: LHP Dave Watkins
Batting: LHB Elliott Newell 0-0: Swinging Strike
0-1: Ball
1-1: Ball
2-1: Ball
3-1: Called Strike
3-2: Foul Ball, location: 2F
3-2: Fly out, F8 (Flyball, 8LS)
Batting: LHB Ryan Drake 0-0: Ball
1-0: Foul Ball, location: 2F
1-1: Ball
2-1: Ball
3-1: Called Strike
3-2: SINGLE (Line Drive, 9S)
Batting: LHB Jesús Tobías 0-0: Ball
1-0: Ball
Wild Pitch!
Ryan Drake to second
2-0: Swinging Strike
2-1: Foul Ball, location: 2F
2-2: SINGLE (Groundball, 4MD)
Ryan Drake to third
Runner from 3rd tries for Home, SAFE, throw made home
Batting: RHB Félix Gonzáles 0-0: DOUBLE (Line Drive, 78D)
Jesús Tobías to third
Runner from 3rd tries for Home, SAFE, throw made at trailing runner, OUT at third!
Batting: RHB Juan Rodríguez 0-0: Swinging Strike
0-1: Foul Ball, location: 2F
0-2: Strikes out swinging
Bottom of the 5th over - 2 run(s), 3 hit(s), 0 error(s), 0 left on base; Austin 4 - Springfield 2
TOP OF THE 6TH
Austin River Sharks batting - Pitching for Springfield Stars : RHP Hyo-chin Ch'oe
Batting: RHB Orlando Bruno 0-0: Ball
1-0: Swinging Strike
1-1: Ground out 1-3 (Groundball, 15)
Pitching: RHP Yajirobei Endo
Batting: RHB Clark Hodge 0-0: Foul Ball, location: 2F
0-1: Called Strike
0-2: Ball
1-2: Strikes out looking
Batting: SHB Juan Acevado 0-0: Foul Ball, location: 2F
0-1: Ground out U3 (Groundball, 3)
Top of the 6th over - 0 run(s), 0 hit(s), 0 error(s), 0 left on base; Austin 4 - Springfield 2
BOTTOM OF THE 6TH
Springfield Stars batting - Pitching for Austin River Sharks : LHP Dave Watkins
Pitching: LHP António Bueno
Batting: RHB Calvin Bennett 0-0: Ball
1-0: Called Strike
1-1: Foul Ball, location: 2F
1-2: Ball
2-2: Foul Ball, location: 2F
2-2: Ball
3-2: Foul Ball, location: 2F
3-2: Ground out 6-3 (Groundball, 6)
Batting: LHB Felipe Guerrero 0-0: Ball
1-0: Ball
2-0: Foul Ball, location: 2F
2-1: Ball
3-1: Called Strike
3-2: Ground out 6-3 (Groundball, 6)
Batting: LHB Derek Davidson 0-0: Fly out, F9 (Flyball, 9LM)
Bottom of the 6th over - 0 run(s), 0 hit(s), 0 error(s), 0 left on base; Austin 4 - Springfield 2
TOP OF THE 7TH
Austin River Sharks batting - Pitching for Springfield Stars : RHP Yajirobei Endo
Batting: RHB Eric Neal 0-0: Called Strike
0-1: Ball
1-1: Foul Ball, location: 2F
1-2: Ground out 5-3 (Groundball, 5S)
Batting: RHB Carlos Guzmán 0-0: Ball
1-0: Fly out, F9 (Flyball, 9LSF)
Batting: SHB Juan Castro 0-0: Called Strike
0-1: Called Strike
0-2: Strikes out looking
Top of the 7th over - 0 run(s), 0 hit(s), 0 error(s), 0 left on base; Austin 4 - Springfield 2
BOTTOM OF THE 7TH
Springfield Stars batting - Pitching for Austin River Sharks : LHP António Bueno
Batting: SHB Shane Hutchinson 0-0: Foul Ball, location: 2F
0-1: Foul Ball, location: 2F
0-2: Ball
1-2: Fly out, F3 (Line Drive, 34)
Batting: LHB Elliott Newell 0-0: Called Strike
0-1: Called Strike
0-2: Ball
1-2: Strikes out swinging
Batting: LHB Ryan Drake 0-0: Called Strike
0-1: Foul Ball, location: 2F
0-2: Ball
1-2: Ball
2-2: SINGLE (Groundball, 15S) (infield hit)
Batting: LHB Jesús Tobías 0-0: Ball
1-0: Called Strike
1-1: Ball
2-1: Ball
Wild Pitch!
Ryan Drake to second
3-1: Foul Ball, location: 2F
3-2: Strikes out looking
Bottom of the 7th over - 0 run(s), 1 hit(s), 0 error(s), 1 left on base; Austin 4 - Springfield 2
TOP OF THE 8TH
Austin River Sharks batting - Pitching for Springfield Stars : RHP Yajirobei Endo
Batting: LHB Pedro Zaragoza 0-0: Fly out, F7 (Flyball, 7)
Batting: RHB Kenneth Roberts 0-0: Ball
1-0: Foul Ball, location: 2F
1-1: Swinging Strike
1-2: Ball
2-2: Ball
3-2: Strikes out swinging
Batting: LHB Harry Pitts 0-0: Called Strike
0-1: Fly out, F5 (Popup, 5S)
Top of the 8th over - 0 run(s), 0 hit(s), 0 error(s), 0 left on base; Austin 4 - Springfield 2
BOTTOM OF THE 8TH
Springfield Stars batting - Pitching for Austin River Sharks : LHP António Bueno
Batting: RHB Félix Gonzáles 0-0: Ball
1-0: Ball
2-0: Called Strike
2-1: Foul Ball, location: 2F
2-2: Strikes out swinging
Batting: RHB Juan Rodríguez 0-0: Ball
1-0: Called Strike
1-1: Ball
2-1: Called Strike
2-2: Foul Ball, location: 2F
2-2: Ball
3-2: Base on Balls
Pitching: RHP Tatsuzo Harada
Batting: RHB Calvin Bennett 0-0: Called Strike
0-1: Swinging Strike
0-2: Ball
1-2: Strikes out looking
Pitching: LHP Jim Sheppard
Batting: LHB Felipe Guerrero 0-0: Called Strike
0-1: Foul Ball, location: 2F
0-2: Ball
1-2: Ball
2-2: Ball
3-2: Fly out, F8 (Line Drive, 89M)
Bottom of the 8th over - 0 run(s), 0 hit(s), 0 error(s), 1 left on base; Austin 4 - Springfield 2
TOP OF THE 9TH
Austin River Sharks batting - Pitching for Springfield Stars : RHP Yajirobei Endo
Pitching: LHP Jorge Aybar
Batting: RHB Orlando Bruno 0-0: Ball
1-0: SINGLE (Line Drive, 56D)
Batting: RHB Clark Hodge 0-0: Bunted foul
0-1: Ball
1-1: Bunt missed!
1-2: Fly out, F7 (Line Drive, 7S)
Batting: SHB Juan Acevado 0-0: Called Strike
0-1: Swinging Strike
0-2: Foul Ball, location: 2F
0-2: Ball
Orlando Bruno steals 2nd base
1-2: Ball
2-2: SINGLE (Groundball, 34D)
Orlando Bruno to third
Runner from 3rd tries for Home, SAFE, no throw
Batting: RHB Eric Neal 0-0: Ball
1-0: Swinging Strike
1-1: Foul Ball, location: 2F
1-2: Ball
2-2: Strikes out swinging
Batting: RHB Carlos Guzmán 0-0: Swinging Strike
0-1: Ball
1-1: Swinging Strike
1-2: Strikes out swinging
Top of the 9th over - 1 run(s), 2 hit(s), 0 error(s), 1 left on base; Austin 5 - Springfield 2
BOTTOM OF THE 9TH
Springfield Stars batting - Pitching for Austin River Sharks : LHP Jim Sheppard
Pitching: RHP Josh Graham
Batting: LHB Derek Davidson 0-0: Called Strike
0-1: Ball
1-1: SINGLE (Groundball, 4MD)
Batting: SHB Shane Hutchinson 0-0: Ball
1-0: Called Strike
1-1: Ground out U3 (Groundball, 3S)
Derek Davidson to second
Batting: LHB Elliott Newell 0-0: Ball
1-0: Swinging Strike
Balk!
Derek Davidson to third
1-1: Ball
2-1: Ball
3-1: Foul Ball, location: 2F
3-2: Base on Balls
Batting: LHB Ryan Drake 0-0: Ball
1-0: Swinging Strike
1-1: Swinging Strike
1-2: Foul Ball, location: 2F
1-2: Strikes out swinging
Batting: LHB Jesús Tobías 0-0: Called Strike
0-1: Swinging Strike
0-2: Fielders Choice at 2nd, 4-6 (Groundball, 34)
Bottom of the 9th over - 0 run(s), 1 hit(s), 0 error(s), 1 left on base; Austin 5 - Springfield 2
Thursday, March 30th, 2017 - OOTP Baseball 17.12 Build 75